 Dungeon Crawl Stone Soup version 0.28-a0-1206-g193881aaa2 (webtiles) character file.

Game seed: 8603987524057722789

123 pokeman the Magician (level 4, -8/25 HPs)
             Began as a Deep Elf Hedge Wizard on Dec 20, 2021.
             Mangled by Menkaure (17 damage)
             ... on level 4 of the Dungeon.
             The game lasted 00:04:24 (2889 turns).

pokeman the Magician (Deep Elf Hedge Wizard)        Turns: 2889, Time: 00:04:25

Health: -8/25      AC:  3    Str:  7    XL:     4   Next: 80%
Magic:  13/13      EV: 12    Int: 27    God:
Gold:   86         SH:  0    Dex: 14    Spells: 3/14 levels left

rFire   . . .      SeeInvis .   i - staff of death
rCold   . . .      Faith    .   (no shield)
rNeg    + . .      Spirit   .   h - +0 leather armour
rPois   +          Reflect  .   c - +0 hat
rElec   .          Harm     .   (no cloak)
rCorr   .          Rampage  .   (no gloves)
Will    .....                   (no boots)
Stlth   ++........              m - amulet of magic regeneration
HPRegen 0.08/turn               n - ring of poison resistance
MPRegen 0.53/turn               v - +6 ring of intelligence

@: no status effects
A: no striking features
a: no special abilities


You were on level 4 of the Dungeon.
You visited 1 branch of the dungeon, and saw 4 of its levels.

You collected 86 gold pieces.

Inventory:

Missiles
 x - 23 arrows
Armour
 c - a +0 hat (worn)
 h - a +0 leather armour (worn)
 t - a +2 robe of cold resistance
Magical Staves
 i - a staff of death (weapon)
Jewellery
 m - an amulet of magic regeneration (around neck)
 n - a ring of poison resistance (left hand)
 q - a ring of fire
 r - a ring of fire
 v - a +6 ring of intelligence (right hand)
Scrolls
 d - 2 scrolls of fear {unknown}
 e - 2 scrolls of noise {unknown}
 f - 2 scrolls of identify {unknown}
 g - 2 scrolls of enchant armour {unknown}
 j - a scroll of immolation {unknown}
 l - a scroll of magic mapping {unknown}
 o - a scroll of acquirement {unknown}
 p - 2 scrolls of teleportation {unknown}
Potions
 a - 3 potions of heal wounds {unknown}
 b - a potion of ambrosia {unknown}
 k - a potion of might {unknown}
 s - a potion of curing {unknown}
 u - a potion of mutation {unknown}
 w - a potion of attraction {unknown}


   Skills:
 - Level 1.0 Fighting
 - Level 1.3 Armour
 + Level 2.9 Dodging
 - Level 2.4 Stealth
 * Level 5.8 Spellcasting
 + Level 2.4 Conjurations
 - Level 1.1 Summonings
 + Level 0.6 Necromancy
 - Level 1.1 Translocations


You had 3 spell levels left.
You knew the following spells:

 Your Spells              Type           Power      Damage    Failure   Level
a - Magic Dart            Conj           84%        1d7       3%          1
b - Mephitic Cloud        Conj/Pois/Air  12%        N/A       21%         3
c - Call Imp              Summ           13%        N/A       10%         2
d - Blink                 Tloc           26%        N/A       10%         2
e - Conjure Flame         Conj/Fire      14%        6-21      17%         3

Your spell library contained the following spells:

 Spells                   Type           Power      Damage    Failure   Level
 Slow                     Hex            28%        N/A       10%         1
 Summon Forest            Summ/Tloc      6%         N/A       86%         5
 Eringya's Noxious Bog    Tmut/Pois      3%         N/A       100%        6
 Summon Hydra             Summ           6%         N/A       100%        7


Dungeon Overview and Level Annotations

Branches:
Dungeon (4/15)
 Temple: D:4-7

Altars:
Dithmenos

Annotations:
D:3 1 runed translucent door, cameronblades's ghost, weakling HuGl
D:4 Edmund; Menkaure


Message History

Aim: a river rat (almost dead, 100% to hit)
The magic dart hits the river rat.
You kill the river rat!
Unknown command.
The worm barely misses you.
A necrophage and Edmund come into view.
Edmund is wielding a +2 vorpal dire flail.
An adder comes into view.
You hit the adder.
The adder is moderately wounded.
The adder bites you. The adder bites you.
* * * LOW HITPOINT WARNING * * *
The adder closely misses you.
Casting: Magic Dart (safe; 3% risk of failure)
Confirm with . or Enter, or press ? or * to list all spells.
Aiming: Magic Dart (safe; 3% risk of failure)
Press: ? - help, Shift-Dir - straight line, f - adder
Aim: an adder (moderately wounded, 100% to hit)
The magic dart hits the adder.
The adder is severely wounded.
The adder bites you but does no damage.
Casting: Magic Dart (safe; 3% risk of failure)
Confirm with . or Enter, or press ? or * to list all spells.
Aiming: Magic Dart (safe; 3% risk of failure)
Press: ? - help, Shift-Dir - straight line, f/p - adder
Aim: an adder (severely wounded, 100% to hit)
The magic dart hits the adder.
You kill the adder!
Found 12 gold pieces.
Found a stone staircase leading down.
You hear the slow rusting of a drain.
Menkaure, Prince of Dust comes into view.
A jelly comes into view.
Menkaure shouts!
You hear a shout!
A hobgoblin comes into view.
You hear a shout!
Menkaure hits you!
Ouch! That really hurt!
You die...

# # # # ####### #
#.....# #
####.....###### #
......M.......# ####
#.g.@.# #.## #.....#
#.##
###.##############.##
#...............>..
#.##############.##
#.# #.# ... #.# ###.
#.# . ..#


You could see Menkaure and a hobgoblin.

Vanquished Creatures
  Jessica (D:3)
  4 adders
  A river rat (D:4)
  7 endoplasms
  2 giant cockroaches
  5 goblins
  7 hobgoblins
  4 jackals
  2 kobolds
  A quokka (D:2)
  6 ball pythons
  5 bats
  A frilled lizard (D:1)
  4 rats (D:2)
50 creatures vanquished.

Notes
Turn   | Place    | Note
-------+----------+-------------------------------------------
     0 | D:1      | pokeman the Deep Elf Hedge Wizard began the quest for the
                  | Orb.
     0 | D:1      | Reached XP level 1. HP: 10/10 MP: 7/7
   466 | D:1      | Reached XP level 2. HP: 15/15 MP: 4/9
   864 | D:1      | Found a faded altar of an unknown god.
  1349 | D:2      | Reached skill level 5 in Spellcasting
  1448 | D:2      | Reached XP level 3. HP: 20/20 MP: 7/11
  1452 | D:2      | Learned a level 3 spell: Mephitic Cloud
  1455 | D:2      | Learned a level 2 spell: Call Imp
  1458 | D:2      | Learned a level 2 spell: Blink
  1462 | D:2      | Learned a level 3 spell: Conjure Flame
  1882 | D:2      | Reached skill level 1 in Armour
  1906 | D:2      | Reached skill level 1 in Fighting
  2006 | D:2      | Found a shadowy altar of Dithmenos.
  2477 | D:3      | Found a runed translucent door.
  2482 | D:3      | Noticed a bullfrog
  2485 | D:3      | Noticed cameronblades's ghost (weakling HuGl)
  2502 | D:3      | Noticed Jessica
  2506 | D:3      | Killed Jessica
  2507 | D:3      | Reached XP level 4. HP: 25/25 MP: 9/13
  2775 | D:4      | Noticed a phantom
  2840 | D:4      | Noticed Edmund
  2840 | D:4      | Noticed a necrophage
  2886 | D:4      | Noticed Menkaure
  2889 | D:4      | Mangled by Menkaure

Illustrated notes

Levels and vault maps discovered:
D:1:      scummos_arrival_forest, layout_loops_corners,
          hellmonk_ecumenical_altar_zigzags
D:2:      layout_loops_ring, basic_altar, minmay_misc_feat_plants
D:3:      layout_rooms, ebering_ghost_sewer_d, skrybe_limestone_x, uniq_jessica
D:4:      layout_loops_ring, okawaru_trees_2, nicolae_uskayaw_suspiria,
          minmay_temple_entry_statues_pillars, ebering_ghost_disaster_area,
          lightli_sewer_entry_pipes, uniq_edmund, uniq_menkaure, uniq_pikel

Skill      XL: |  1  2  3 |
---------------+----------+-----
Spellcasting   | 5 |  5.8
Armour         | 1 |  1.3
Fighting       | 1 |  1.0
Conjurations   | 2 |  2.4
Dodging        | |  2.9
Stealth        | |  2.4
Summonings     | |  1.1
Necromancy     | |  0.6
Translocations | |  1.1

Action                   |  1- 3 |  4- 6 || total
-------------------------+-------+-------++-------
Melee: Staff             |       |     1 ||     1
 Cast: Magic Dart        |    96 |    39 ||   135
Armor: Leather armour    |     2 |     4 ||     6
Dodge: Dodged            |     7 |    13 ||    20

Table legend: (Time is in decaauts)
 A = Elapsed time spent in this place.
 B = Non-inter-level travel time spent in this place.
 C = Inter-level travel time spent in this place.
 D = Time resting spent in this place.
 E = Time spent auto-exploring this place.
 F = Levels seen in this place.
 G = Mean time per level.
                   A        B        C        D        E       F      G
               +--------+--------+--------+--------+--------+-----+--------+
         Total |   2886 |   2800 |     86 |    140 |   2309 |   4 |  721.5 |
       Dungeon |   2886 |   2800 |     86 |    140 |   2309 |   4 |  721.5 |
               +--------+--------+--------+--------+--------+-----+--------+

Top non-repeatable levels by time:
     D:1: 1330 daAuts
     D:2: 1048 daAuts
     D:3: 423 daAuts
     D:4: 85 daAuts
